 Dungeon Crawl Stone Soup version 0.30-a0-311-gf115ab0292 (webtiles) character file.

Game seed: 16080161716473611539

213 koil the Shooter (level 5, -4/27 HPs)
             Began as a Spriggan Hunter on Oct 25, 2022.
             Killed by divine providence
             ... invoked by an orc priest
              (14 damage)
             ... on level 4 of the Dungeon.
             The game lasted 00:07:50 (2508 turns).

koil the Shooter (Spriggan Hunter)                  Turns: 2508, Time: 00:07:50

Health: -4/27      AC:  3    Str:  7    XL:     5   Next: 59%
Magic:  9/9        EV: 19    Int: 10    God:
Gold:   164        SH:  0    Dex: 21    Spells: 6/8 levels left

rFire   . . .      SeeInvis +    u - +8 spear of Peace {protect, Will+}
rCold   . . .      Faith    .    (no shield)
rNeg    . . .      Spirit   .    c - +0 robe
rPois   .          Reflect  .    (helmet restricted)
rElec   .          Harm     .    n - +0 cloak
rCorr   .          Rampage  .    (gloves unavailable)
Will    +....                    (boots unavailable)
Stlth   +++.......               (no amulet)
HPRegen 0.24/turn                (no ring)
MPRegen 0.11/turn                (no ring)

@: very quick
A: very small, no large weapons, unfitting armour, see invisible, speed 3
a: no special abilities


You were on level 4 of the Dungeon.
You visited 1 branch of the dungeon, and saw 4 of its levels.

You collected 164 gold pieces.

Inventory:

Hand Weapons
 a - a +1 short sword of speed
 b - a +0 shortbow
 h - a +0 dagger
 q - a +0 rapier of speed
 r - a +1 spear of flaming
 t - a +4 short sword
 u - the +8 spear of Peace (weapon) {protect, Will+}
   (You took it off an orc on level 3 of the Dungeon)

   It grants its wielder temporary protection when it strikes (+7 to AC).
   Will:      It increases your willpower.
 v - a +3 sling
Missiles
 p - 13 poisoned darts
Armour
 c - a +0 robe (worn)
 n - a +0 cloak (worn)
Jewellery
 o - a ring of resist corrosion
Scrolls
 d - a scroll of immolation
 e - 5 scrolls of identify {unknown}
 i - a scroll of teleportation {unknown}
 j - 2 scrolls of enchant weapon {unknown}
 s - a scroll of summoning {unknown}
Potions
 f - a potion of brilliance {unknown}
 g - a potion of mutation {unknown}
 k - 2 potions of invisibility {unknown}
 l - a potion of haste {unknown}
 m - a potion of degeneration {unknown}


   Skills:
 + Level 2.4 Fighting
 + Level 0.1 Polearms
 + Level 4.7 Ranged Weapons
 + Level 4.1 Dodging
 + Level 3.7 Stealth
 + Level 2.4 Spellcasting
 + Level 1.9 Hexes


You had 6 spell levels left.
You knew the following spells:

 Your Spells              Type           Power      Damage    Failure   Level
a - Ensorcelled Hibernat  Hex/Ice        6%         N/A       30%         2

Your spell library contained the following spells:

 Spells                   Type           Power      Damage    Failure   Level
 Tukima's Dance           Hex            5%         N/A       36%         3
 Portal Projectile        Hex/Tloc       6%         N/A       52%         3
 Spider Form              Tmut/Pois      1%         N/A       65%         3
 Anguish                  Hex/Necr       1%         N/A       89%         4
 Blade Hands              Tmut           0%         N/A       100%        5


Dungeon Overview and Level Annotations

Branches:
Dungeon (4/15)
 Temple: D:4-7

Altars:
Yredelemnul


Innate Abilities, Weirdness & Mutations

You are very small and have problems with some larger weapons.
You are too small for most types of armour.
You have supernaturally acute eyesight. (SInv)
You cover ground extremely quickly. (Speed+++)


Message History

The orc wizard mumbles some strange words.
The orc wizard flickers and vanishes for a moment.
The orc priest hits you but does no damage.
You shoot an arrow. The arrow barely misses the orc priest.
The orc priest misses you.
The orc priest calls down the wrath of Beogh upon you.
You resist with significant effort.
You shoot an arrow.
The arrow closely misses the orc priest.
The orc priest barely misses you.
The orc priest calls down the wrath of Beogh upon you.
Beogh smites you! The orc priest closely misses you.
You shoot an arrow. The arrow hits the orc priest!
You kill the orc priest!
The orc priest closely misses you.
The orc priest mumbles some strange prayers to Beogh against you.
You resist with significant effort.
The orc wizard points at you and mumbles some strange words.
You are confused.
There is a stone staircase leading up here.
In your confused state, you trip and fall back down the stairs.
The orc completely misses you. The orc wizard completely misses you.
Unknown command.
Your hands tingle!
a - a +1 short sword of speed (weapon)
The orc priest mumbles some strange prayers to Beogh against you.
The orc wizard writhes in agony.
The +8 spear of Peace {protect, Will+} hums with potential!
u - the +8 spear of Peace (weapon)
{protect, Will+} The orc wizard hits you with a +0 dagger.
Unknown command.
The orc hits you with a +0 hand axe.
The orc priest begins to cast a cantrip, but forgets the words!
The orc wizard barely misses you.
Unknown command.
You feel less confused.
The orc priest calls down the wrath of Beogh upon you.
Beogh smites you!
Ouch! That really hurt!
You die...

#...# #...# ..
#...# ####.#.
#.####...###..$....
#...)..............
#..†...<..?........
##.###.)..o........
.......o<.........
#.######o.@.......
###########


You could see an orc priest, an orc wizard (invisible) and an orc.

Vanquished Creatures
  An orc priest (D:4)
  2 orc wizards (D:3)
  4 gnolls (D:3)
  An adder (D:2)
  A worm (D:2)
  2 dart slugs
  10 orcs
  5 ball pythons
  3 bats
  3 endoplasms (D:2)
  5 giant cockroaches
  8 goblins
  8 hobgoblins
  3 quokkas
  9 kobolds
  2 rats (D:1)
67 creatures vanquished.

Notes
Turn   | Place    | Note
-------+----------+-------------------------------------------
     0 | D:1      | koil the Spriggan Hunter began the quest for the Orb.
     0 | D:1      | Reached XP level 1. HP: 10/10 MP: 2/2
    48 | D:1      | You fall into a shaft and drop 1 floor!
   131 | D:1      | Reached XP level 2. HP: 15/15 MP: 3/3
   415 | D:1      | Reached skill level 1 in Spellcasting
   622 | D:1      | Reached XP level 3. HP: 18/18 MP: 5/5
  1050 | D:2      | Learned a level 2 spell: Ensorcelled Hibernation
  1128 | D:2      | Found a faded altar of an unknown god.
  1387 | D:2      | Found a basalt altar of Yredelemnul.
  1763 | D:3      | Reached XP level 4. HP: 23/23 MP: 7/7
  1900 | D:3      | Reached skill level 1 in Hexes
  2052 | D:3      | Identified the +8 spear of Peace {protect, Will+}
  2060 | D:3      | Reached XP level 5. HP: 26/26 MP: 7/9
  2508 | D:4      | Killed from afar by an orc priest

Illustrated notes

Levels and vault maps discovered:
D:1:      giann_horns, layout_basic, minmay_cupped
D:2:      layout_basic, basic_altar, hellmonk_ecumenical_altar_defaced_shrine
D:3:      minmay_evil_eye, layout_basic
D:4:      layout_basic, hex_tiny, corexii_leaking_fountain,
          chequers_serial_rivers_micro_a, grunt_decor_one_mirror, uniq_edmund,
          uniq_menkaure

Skill      XL: |  1  2  3  4  5 |
---------------+----------------+-----
Stealth        | 2 3 |  3.7
Dodging        | 3 4 |  4.1
Spellcasting   | 1 2 |  2.4
Fighting       | 2 |  2.4
Hexes          | 1 |  1.9
Polearms       | |  0.1
Ranged Weapons | |  4.7

Action                   |  1- 3 |  4- 6 || total
-------------------------+-------+-------++-------
Melee: Short sword       |     1 |       ||     1
 Fire: Shortbow          |   123 |    83 ||   206
 Stab: Sleeping          |     1 |       ||     1
Armor: Robe              |     4 |     2 ||     6
Dodge: Dodged            |    42 |    33 ||    75

Table legend: (Time is in decaauts)
 A = Elapsed time spent in this place.
 B = Non-inter-level travel time spent in this place.
 C = Inter-level travel time spent in this place.
 D = Time resting spent in this place.
 E = Time spent auto-exploring this place.
 F = Levels seen in this place.
 G = Mean time per level.
                   A        B        C        D        E       F      G
               +--------+--------+--------+--------+--------+-----+--------+
         Total |   1758 |   1719 |     39 |      0 |   1298 |   4 |  439.5 |
       Dungeon |   1758 |   1719 |     39 |      0 |   1298 |   4 |  439.5 |
               +--------+--------+--------+--------+--------+-----+--------+

Top non-repeatable levels by time:
     D:1: 655 daAuts
     D:3: 582 daAuts
     D:2: 498 daAuts
     D:4: 22 daAuts
